 Dungeon Crawl Stone Soup version 0.16-a0-3855-gd2600ac (webtiles) character file.

303 abixa the Slasher (level 6, 34/46 HPs)
             Began as a Demonspawn Gladiator on Jan 31, 2015.
             Quit the game on level 4 of the Dungeon.
             The game lasted 00:14:22 (3677 turns).

abixa the Slasher (Demonspawn Gladiator)            Turns: 3677, Time: 00:14:22

Health: 34/46      AC: 11    Str: 15    XL:     6   Next: 15%
Magic:  6/6        EV: 11    Int: 11    God:
Gold:   89         SH:  3    Dex: 14    Spells: 0 memorised, 5 levels left

rFire  + . .     SeeInvis .     a - +0 long sword
rCold  . . .     Clarity  .     w - +0 ring mail
rNeg   . . .     SustAb   .     R - +0 buckler
rPois  .         Gourm    .     c - +0 helmet
rElec  .         Spirit   .     (no cloak)
rCorr  .         Warding  .     (no gloves)
rMut   +         Stasis   .     z - +0 pair of boots
MR     +....                    H - amulet of resist mutation
Stlth  +.........               K - ring of protection from magic
                                y - -5 ring of slaying (curse)

@: mildly poisoned, somewhat resistant to hostile enchantments, very unstealthy
A: iridescent scales 1, fire resistance 1, powered by death 1
a: no special abilities


You were on level 4 of the Dungeon.
You were hungry.

You visited 1 branch of the dungeon, and saw 4 of its levels.
You also visited: Sewer.

You collected 89 gold pieces.

Inventory:

Hand weapons
 a - a +0 long sword (weapon)
 j - a +4 short sword
 D - a +0 spear
 F - a +0 hunting sling
 G - a +1 dagger of venom
 M - a +1 short sword of electrocution
Missiles
 d - 3 throwing nets (quivered)
 i - 154 stones
 n - 43 arrows
 o - 22 poisoned needles
 p - 6 javelins
 s - 19 sling bullets
 Q - 20 arrows of frost
Armour
 c - a +0 helmet (worn)
 w - a +0 ring mail (worn)
 z - a +0 pair of boots (worn)
 R - a +0 buckler (worn)
Jewellery
 v - an uncursed amulet of rage
 y - a cursed -5 ring of slaying (left hand)
 H - an amulet of resist mutation (around neck)
 K - a ring of protection from magic (right hand)
Magical devices
 L - a wand of lightning (11)
 U - a wand of paralysis (1)
Scrolls
 e - a scroll of remove curse {unknown}
 g - 2 scrolls of enchant weapon
 q - a scroll of amnesia {unknown}
 r - a scroll of immolation
 A - 2 scrolls of noise {unknown}
 B - a scroll of acquirement {unknown}
 C - a scroll of enchant armour
 I - a scroll of blinking
 J - 2 scrolls of teleportation
 N - a scroll of fog {unknown}
 T - a scroll of recharging
Potions
 b - a potion of curing
 h - 2 potions of brilliance {unknown}
 k - a potion of mutation {unknown}
 m - 3 potions of lignification {unknown}
 t - 5 potions of heal wounds {unknown}
 x - 4 potions of might {unknown}
 E - 4 potions of agility {unknown}
 O - a potion of magic {unknown}
 P - a potion of cancellation {unknown}
 S - a potion of poison {unknown}
Comestibles
 f - 3 bread rations
 l - a meat ration
 u - 2 fruits


   Skills:
 + Level 2.9 Fighting
 - Level 5.7 Long Blades
 - Level 1.7 Throwing
 + Level 1.5 Armour
 - Level 2.6 Dodging


You had 5 spell levels left.
You didn't know any spells.

Dungeon Overview and Level Annotations

Branches:
Dungeon (4/15)
 Temple: D:4-7

Altars:
Xom

Shops:
D:4 }

Annotations:
D:4 1 exclusion


Innate Abilities, Weirdness & Mutations

You are partially covered in iridescent scales (AC +4).
Your flesh is heat resistant.
You can steal the life force of nearby defeated enemies.


Message History

The adder bites you.
You are more poisoned.
The adder poisons you! The rat closely misses you.
The adder bites you but does no damage.
You hit the adder.
The adder is almost dead.
You feel sick. The rat bites you but does no damage.
The adder bites you but does no damage.
You hit the adder but do no damage.
The adder is almost dead.
You feel sick. The adder closely misses you. The rat closely misses you.
The adder barely misses you. The rat misses you.
You slash the adder!
You kill the adder!
The rat barely misses you.
You closely miss the rat.
You feel sick. The rat bites you but does no damage.
You hit the rat but do no damage. You block the rat's attack.
You barely miss the rat.
You feel sick. The rat bites you but does no damage.
You hit the rat but do no damage. You block the rat's attack.
Are you sure you want to abandon this character and quit the game? (Confirm with "yes".)

#....#..........
####.#######.... #.#
*#### ##.## #...#
######...# *******
#........# *,,,,,,
#.####...# *,,,,,,
###@# ##### *,,,,,,
#.r.# *,,,,,,
#.#.#######**##.,,,,,
#.#.#.#.#.#......,,,,
#.....S.........#****
#.#>#.#.#.#......,,,,
#...........,...*****
###.#.#r#.#S..,.**,,,
#..............**,,,


You could see a rat.

Vanquished Creatures
  A scorpion (D:4)
  A water moccasin skeleton (D:4)
  An orc wizard (D:3)
  Ijyb (D:3)
  2 gnolls (D:3)
  2 adders
  A giant mite (Sewer)
  A worm (D:4)
  6 giant geckos
  2 oozes (Sewer)
  8 orcs (D:3)
  3 bats
  3 giant cockroaches
  5 hobgoblins
  6 jackals
  24 kobolds
  2 ball pythons (Sewer)
  4 giant newts
  7 goblins
  2 quokkas
  A quokka skeleton (D:4)
  6 rats
89 creatures vanquished.

Notes
Turn   | Place    | Note
--------------------------------------------------------------
     0 | D:1      | abixa, the Demonspawn Gladiator, began the quest for the Orb.
     0 | D:1      | Reached XP level 1. HP: 16/16 MP: 1/1
   182 | D:1      | Reached skill level 3 in Long Blades
   559 | D:1      | Gained mutation: You can steal the life force of nearby defeated enemies. [demonic ancestry]
   559 | D:1      | Reached XP level 2. HP: 15/22 MP: 2/2
  1181 | D:2      | Gained mutation: You are partially covered in iridescent scales (AC +4). [demonic ancestry]
  1181 | D:2      | Reached XP level 3. HP: 27/27 MP: 3/3
  1384 | D:2      | Reached skill level 4 in Long Blades
  1825 | D:3      | Noticed Ijyb
  1852 | D:3      | Killed Ijyb
  1852 | D:3      | Reached XP level 4. HP: 28/33 MP: 4/4
  2210 | D:3      | Reached skill level 5 in Long Blades
  2326 | D:3      | Gained mutation: Your flesh is heat resistant. [demonic ancestry]
  2326 | D:3      | Reached XP level 5. HP: 27/38 MP: 5/5
  2656 | D:4      | Found Kuwil's Gadget Shoppe.
  2715 | D:4      | Found a shimmering altar of Xom.
  2779 | D:4      | Found a glowing drain.
  2787 | Sewer    | Entered a sewer
  3606 | D:4      | Reached skill level 1 in Armour
  3606 | D:4      | Reached XP level 6. HP: 28/46 MP: 6/6
  3616 | D:4      | Paralysed by a goblin for 6 turns
  3677 | D:4      | Quit the game

Action                   |  1- 3 |  4- 6 || total
-------------------------+-------+-------++-------
Melee: Long sword        |   156 |   148 ||   304
       Short sword       |       |   128 ||   128
       Dagger            |       |    10 ||    10
  Use: Scroll            |       |     7 ||     7
       Potion            |       |     1 ||     1
  Eat: Chunk             |     3 |     6 ||     9
